Map: Automaton LE

Players

MaSa - Winner!

  • Race: Terran Terran
  • League: Master
  • Spawn Location: 9:00

puCK (Nina)

  • Race: Protoss Protoss
  • League: Grandmaster
  • Spawn Location: 3:00

Event: 2019 WCS Winter Americas

VOD

Have the link to the VOD?

Description

Time

  • Played on: March 23, 2019, 3:19 p.m.
  • Length: 11:35

All games in this series

Show
View Real Time Build Order
Export as new Build Order

MaSa Terran - Winner!

Build Orders: Gas First Reaper Expand 

Get SALT Encoding   

  12  0:00  SCV  
  13  0:12  SCV  
  14  0:17  Supply Depot  
  14  0:24  SCV  
  15  0:28  Refinery  
  15  0:39  SCV  
  16  0:45  Barracks  
  16  0:51  SCV  
  17  1:03  SCV  
  18  1:15  SCV  
  19  1:33  Reaper, Orbital Command  
  20  1:48  Command Center  
  20  1:57  Factory  
  20  2:03  SCV  
  20  2:07  Barracks Reactor  
  21  2:15  SCV  
  22  2:18  Supply Depot  
  22  2:27  SCV  
  23  2:37  Refinery  
  23  2:40  SCV  
  23  2:43  Starport  
  24  2:48  Hellion x2  
  28  2:55  SCV  
  28  2:57  Marine  
  30  3:10  Hellion  
  31  3:21  Barracks Tech Lab  
  31  3:28  SCV, Hellion, Medivac  
  31  3:31  Bunker  
  36  3:41  SCV, Orbital Command  
  37  3:46  Barracks  
  37  3:53  SCV  
  38  4:05  SCV  
  38  4:09  Starport Tech Lab  
  39  4:10  Siege Tank, Marine x2  
  39  4:16  SCV  
  42  4:17  SCV  
  43  4:26  Supply Depot  
  43  4:28  SCV  
  43  4:29  Cloaking Field  
  44  4:36  SCV  
  44  4:37  Banshee  
  46  4:43  SCV  
  45  4:46  Siege Tank  
  45  4:50  Marine, Barracks Tech Lab  
  47  4:52  Marine  
  47  4:57  SCV  
  49  5:00  Bunker  
  49  5:03  Supply Depot  
  49  5:06  SCV  
  50  5:09  Marine  
  50  5:10  Marine  
  50  5:11  Marine  
  53  5:15  Stimpack  
  53  5:25  Supply Depot  
  53  5:27  Banshee, Marine  
  58  5:28  SCV x2  
  58  5:34  Refinery  
  59  5:40  SCV, Supply Depot  
  59  5:41  Engineering Bay, Marine  
  61  5:43  Marine  
  61  5:47  SCV, Marine  
  64  5:50  Siege Tank  
  64  5:52  SCV  
  68  5:57  Barracks  
  68  6:01  SCV, Supply Depot  
  69  6:05  SCV, Marine  
  69  6:06  Marine x2  
  69  6:10  Terran Infantry Weapons Level 1  
  73  6:13  SCV  
  73  6:17  SCV  
  75  6:19  Banshee, Refinery  
  75  6:23  Marine  
  75  6:25  SCV  
  79  6:29  SCV  
  79  6:32  Marine x2  
  80  6:37  SCV  
  83  6:41  SCV, Marine  
  82  6:48  Starport  
  82  6:49  SCV  
  82  6:50  Marine  
  82  6:53  SCV  
  85  6:54  Barracks Tech Lab  
  85  6:57  Command Center  
  85  6:59  Marine  
  86  7:04  Marine  
  86  7:06  Supply Depot  
  86  7:10  Factory Reactor  
  86  7:21  Missile Turret  
  86  7:22  Concussive Shells  
  86  7:23  SCV x2, Banshee, Marine  
  86  7:24  Marauder, Combat Shield  
  86  7:25  Supply Depot  
  86  7:27  Marine  
  95  7:31  Barracks  
  95  7:35  SCV  
  95  7:37  Marine, Barracks  
  96  7:38  SCV  
  96  7:42  Marine  
  99  7:47  SCV  
  99  7:51  SCV  
  101  7:53  Medivac x2  
  101  7:54  Marauder, Marine  
  108  8:00  Marauder  
  110  8:07  Supply Depot  
  110  8:08  Marine, Supply Depot  
  110  8:09  SCV x2  
  110  8:12  Missile Turret  
  113  8:18  Marauder, Banshee, Marine  
  117  8:21  SCV  
  117  8:24  SCV, Barracks Reactor  
  117  8:25  Supply Depot  
  118  8:30  Siege Tank  
  121  8:40  Marine  
  121  8:41  Marauder, Marine  
  123  8:42  Medivac x2  
  123  8:44  SCV  
  126  8:48  Orbital Command  
  126  8:52  Barracks Tech Lab  
  123  8:59  Marine x2  
  123  9:00  Marauder  
  123  9:01  Banshee  
  123  9:02  Marine  
  123  9:08  Marine  
  119  9:10  SCV x2  
  119  9:14  Marauder, Marine  
  124  9:17  SCV, Marine  
  124  9:20  Marauder  
  124  9:22  SCV x2, Marauder, Marine  
  133  9:26  Marine  
  133  9:29  Siege Tank  
  137  9:32  Marine  
  137  9:35  Marine  
  137  9:36  Marauder  
  139  9:40  Marine  
  139  9:41  Marauder  
  139  9:43  Marine  
  139  9:44  Banshee, Marine  
  144  9:46  Medivac  
  144  9:49  Marine, Refinery  
  146  9:52  Marine  
  146  9:56  SCV x2  
  146  9:57  Marauder, Marine  
  143  10:02  Marauder, SCV, Marine  
  143  10:03  Marauder  
  148  10:07  Marine  
  148  10:08  Supply Depot x2  
  148  10:10  SCV  
  148  10:11  SCV  
  148  10:12  Medivac, Marine  
  149  10:17  Marine  
  149  10:18  Marauder  
  149  10:25  Marine x2  
  149  10:26  Armory  
  149  10:27  Marauder  
  149  10:28  Engineering Bay  
  148  10:29  Siege Tank, Marine  
  148  10:30  Marine  
  144  10:35  Marine  
  144  10:40  Marauder  
  143  10:43  Marine  
  143  10:44  Marauder  
  143  10:47  Supply Depot, Command Center, Marine x2  
  143  10:49  Banshee  
  148  10:51  Marine  
  148  10:52  SCV, Supply Depot  
  150  11:01  Siege Tank  
Show
View Real Time Build Order
Export as new Build Order

puCK Protoss 

Build Orders: 1 Gate Expand, Phoenix Opening, Blink Stalkers 

Get SALT Encoding   

  12  0:01  Probe  
  13  0:13  Probe  
  14  0:18  Pylon  
  14  0:25  Probe  
  15  0:34  Probe  
  15  0:39  Gateway  
  16  0:42  Probe  
  16  0:49  Assimilator  
  17  0:51  Probe  
  18  1:03  Probe  
  19  1:15  Probe  
  20  1:26  Nexus  
  20  1:36  Cybernetics Core  
  20  1:41  Probe  
  20  1:46  Pylon  
  21  1:53  Probe  
  22  1:55  Assimilator  
  22  2:02  Adept  
  22  2:05  Probe  
  23  2:13  Warp Gate  
  25  2:17  Probe  
  26  2:28  Sentry  
  27  2:30  Probe  
  29  2:40  Probe  
  29  2:42  Probe  
  31  2:51  Stalker  
  31  2:52  Probe  
  31  2:54  Probe  
  35  3:04  Probe  
  36  3:06  Twilight Council, Probe  
  36  3:08  Phoenix  
  37  3:16  Stalker, Probe  
  37  3:18  Probe  
  37  3:21  Gateway  
  37  3:23  Gateway  
  37  3:27  Blink  
  39  3:28  Probe  
  39  3:30  Probe  
  41  3:34  Pylon  
  41  3:40  Probe  
  42  3:43  Probe  
  43  3:52  Probe, Pylon  
  44  3:55  Probe  
  45  4:04  Probe  
  45  4:07  Stalker  
  45  4:08  Probe  
  44  4:16  Probe  
  41  4:18  Stalker x2  
  41  4:20  Probe  
  46  4:28  Probe  
  47  4:32  Probe  
  43  4:40  Stalker, Probe  
  43  4:44  Probe  
  45  4:49  Stalker  
  45  4:52  Probe x2  
  50  5:00  Probe  
  50  5:04  Probe  
  50  5:05  Robotics Facility  
  52  5:08  Probe  
  52  5:11  Stalker  
  55  5:16  Probe  
  55  5:17  Pylon  
  55  5:19  Probe  
  57  5:21  Stalker  
  57  5:28  Probe  
  60  5:30  Assimilator  
  60  5:31  Probe  
  61  5:36  Stalker  
  61  5:39  Assimilator  
  61  5:40  Probe  
  64  5:43  Probe  
  64  5:46  Observer  
  65  5:52  Probe  
  65  5:53  Pylon  
  65  5:56  Gateway  
  67  5:57  Probe  
  67  6:00  Stalker, Gateway  
  70  6:08  Pylon  
  70  6:10  Observer  
  70  6:11  Probe  
  72  6:12  Probe  
  72  6:15  Stalker  
  75  6:20  Stalker  
  75  6:23  Probe  
  78  6:26  Pylon  
  78  6:31  Stalker  
  72  6:36  Probe  
  67  6:40  Probe  
  67  6:45  Probe  
  68  6:47  Observer  
  68  6:52  Probe  
  68  6:53  Probe  
  71  6:54  Observer  
  71  6:59  Robotics Bay  
  72  7:02  Probe  
  72  7:04  Probe  
  74  7:10  Charge  
  74  7:14  Probe  
  75  7:16  Probe  
  76  7:27  Probe  
  76  7:28  Probe  
  76  7:29  Observer, Nexus  
  78  7:30  Pylon  
  78  7:31  Pylon  
  78  7:36  Disruptor  
  78  7:39  Probe  
  78  7:40  Forge  
  78  7:42  Probe  
  80  7:51  Probe  
  84  7:54  Probe  
  85  8:02  Stalker x2  
  85  8:05  Probe  
  90  8:06  Probe  
  91  8:13  Protoss Ground Weapons Level 1  
  91  8:15  Disruptor  
  91  8:17  Probe  
  91  8:19  Probe  
  96  8:23  Shield Battery  
  96  8:32  Zealot x4  
  100  8:50  Stalker  
  100  8:51  Disruptor  
  95  9:09  Zealot x3, Probe  
  98  9:10  Probe  
  98  9:15  Gateway  
  98  9:17  Zealot x2, Gateway  
  101  9:21  Probe  
  101  9:23  Probe  
  101  9:26  Disruptor  
  100  9:32  Stalker x3  
  100  9:33  Probe  
  100  9:37  Probe  
  101  9:43  Zealot x2  
  99  9:45  Probe  
  99  9:49  Probe  
  95  9:57  Zealot x3  
  83  10:03  Probe  
  83  10:05  Probe  
  79  10:07  Stalker  
  78  10:16  Zealot x3  
  78  10:19  Zealot  
  71  10:35  Stalker  
  71  10:37  Zealot x3  
  71  10:38  Zealot  
  71  10:40  Probe  
  71  10:41  Probe  
  74  10:48  Disruptor  
  77  10:52  Probe x2  
  77  10:53  Probe  
  77  11:04  Probe  
Tags
 
Add a new tag
Caveats
  • Supply blocks, unpowered buildings, or Contaminate may cause inaccurate times.
  • Supply counts are checked every 10 seconds.